Cogmind - Beta 17 @@@ ROGUE MODE // 2026.08.01 @ 21:22:52 Player: 50l Result: Destroyed by S-27 Virus with Autogun Performance ------------- Evolutions (4) 2000 Regions Visited (7) 1400 Robots Destroyed (41) 205 Value Destroyed (918) 918 Prototype IDs (18) 360 Alien Tech Used (0) 0 Bonus (800) 800 TOTAL SCORE: 5683 Bonus ------- Registered with UFD 300 Met Optimus in HQ 500 Cogmind --------- Core Integrity 0/850 Matter 275/300 Energy 28/100 System Corruption 0% Temperature Cool (0) Movement Core (50) Location -6/Factory Parts ------- > --- POWER (1) -------- (None) > --- PROPULSION (4) --- (None) > --- UTILITY (8) ------ Enhanced Optical Array Advanced Signal Interpreter Improved Hacking Suite A0-MCA's Component Scanner > --- WEAPON (2) ------- Autogun > --- INVENTORY (5) ---- Advanced Heat Sink High-capacity Storage Unit Triangulator Improved Reaction Control System Layered Medium Armor Plating Peak State ------------ > --- POWER ------------ Light Fission Core > --- PROPULSION ------- VTOL Module VTOL Module Improved Cesium-ion Thruster Biomechanical Wings > --- UTILITY ---------- Gravity Neutralizer Triangulator Advanced Sensor Array Advanced Signal Interpreter Advanced Terrain Scan Processor Improved Target Analyzer Hacking Suite A0-MCA's Component Scanner > --- WEAPON ----------- Greatsword > --- INVENTORY -------- Advanced Heat Sink Advanced Terrain Scanner Long-range Missile Launcher Datajack [Rating: 71] Favorites ----------- Power Light Fission Core Engine Makeshift Power Source Power Core Light Fission Core Reactor Cold Fusion Reactor Propulsion Flight Unit Treads Light Treads Leg Aluminum Leg Wheel Compact Wheel Flight Unit Flight Unit Utility Seismic Detector Device Seismic Detector Storage Medium Storage Unit Processor A0-MCA's Component Scanner Hackware Hacking Suite Protection Improved Light Armor Plating Weapon Assault Rifle Energy Gun Medium Laser Ballistic Gun Assault Rifle Launcher Rocket Launcher Slashing Weapon Greatsword Piercing Weapon Heavy Pick Special Melee Weapon Datajack Build | -11 -10 -10 -9 -9 -6 -6 -6 ------- Run | Yrd Mat Sub Rec Scr Fac Was Fac Slots Evolved 8 | . . . . . 8 . . Power . | . . . . . . . . Propulsion 2 | . . . . . 2 . . Utility 6 | . . . . . 6 . . Weapon . | . . . . . . . . Parts Attached 63 | 7 4 7 1 6 35 . 3 Power 8 | 1 . 1 . 1 5 . . Engine 4 | 1 . . . 1 2 . . Core 3 | . . 1 . . 2 . . Reactor 1 | . . . . . 1 . . Propulsion 14 | 2 2 3 . 1 6 . . Treads 2 | 2 . . . . . . . Leg 2 | . 2 . . . . . . Wheel 1 | . . 1 . . . . . Hover . | . . . . . . . . Flight 9 | . . 2 . 1 6 . . Utility 29 | 2 1 1 1 3 20 . 1 Device 13 | 1 . 1 . . 10 . 1 Storage 5 | 1 1 . 1 1 1 . . Processor 5 | . . . . . 5 . . Hackware 3 | . . . . . 3 . . Protection 3 | . . . . 2 1 . . Artifact . | . . . . . . . . Weapon 12 | 2 1 2 . 1 4 . 2 Energy Gun 2 | 1 1 . . . . . . Energy Cannon . | . . . . . . . . Ballistic Gun 2 | 1 . . . . . . 1 Ballistic Cannon . | . . . . . . . . Launcher 3 | . . 1 . . 1 . 1 Special Weapon . | . . . . . . . . Impact Weapon . | . . . . . . . . Slashing Weapon 3 | . . . . 1 2 . . Piercing Weapon 1 | . . . . . 1 . . Special Melee Weapon 1 | . . 1 . . . . . Unidentified Prototypes . | . . . . . . . . Parts Lost 33 | . 3 6 . . 16 . 8 Power 5 | . 1 1 . . 2 . 1 Propulsion 14 | . 2 2 . . 8 . 2 Utility 8 | . . . . . 4 . 4 Weapon 6 | . . 3 . . 2 . 1 Highest Loss Streak 7 | . 3 5 . . 3 . 7 To Critical Strikes . | . . . . . . . . Average Backups 7 | 1 5 8 8 12 5 7 6 Power . | . 1 . 2 1 . . . Propulsion 1 | . 1 2 1 1 . . . Utility 3 | . 1 3 4 5 3 6 5 Weapon 1 | . . . 1 3 . 1 . Tool/Special . | . . . . . . . . Unused Backups 10 | . 1 . . 2 4 . 3 Power 2 | . 1 . . 1 . . . Propulsion . | . . . . . . . . Utility 6 | . . . . . 3 . 3 Weapon 2 | . . . . 1 1 . . Tool/Special . | . . . . . . . . Average Slot Usage (%) 82 | . 93 87 71 71 86 73 65 Engine 2 | . 8 . . 3 1 . . Core 1 | . . 3 . . 3 6 2 Treads 2 | . 16 . . . . . . Leg 5 | . 10 23 . . . . . Wheel 4 | . . 3 9 13 . . . Flight 12 | . . . 18 14 21 13 10 Device 15 | . 14 13 14 13 19 13 12 Storage 9 | . 14 14 14 12 1 6 5 Processor 6 | . . . . . 17 20 20 Hackware 3 | . . . . . 8 13 11 Energy Gun 4 | . 14 13 . . . . . Ballistic Gun 4 | . 14 12 . . . . . Slashing Weapon 2 | . . . . 2 4 . . Special Melee Weapon 3 | . . . 14 10 . . . Peak Build Rating 71 | 7 8 10 9 17 71 58 58 Average Rating 27 | 5 7 7 8 10 58 58 51 On Entrance 20 | . 7 7 8 9 17 58 58 Avg Prop Armor Cover (%) 7 | . . 9 8 7 6 . . Naked Turns . | . . . . . . . . Heaviest Build 27 | 12 15 21 22 27 25 18 19 Greatest Support 40 | 40 40 20 16 16 34 24 24 Greatest Overweight (x) 4 | . 3 1 1 1 4 . 3 Average Overweight (x) . | . . . . . . . . Largest Inventory Capacity 15 | 8 10 10 15 15 15 10 10 Average Capacity 9 | 7 8 9 12 14 6 10 9 Most Carried 15 | 3 9 10 13 15 14 7 7 Average Carried 8 | 1 5 9 9 12 5 7 6 Final Capacity 15 | 8 10 8 15 15 10 10 5 Final Carried 15 | 3 9 8 13 15 7 7 5 Class Distribution -------------------- 64% | Mutant 13% | Sprinter 10% | Hacker-Scout 4% | Scavenger-Mutant 4% | Scavenger-Sprinter Dominant Class ---------------- Mutant | -10/Materials Mutant | -10/Subcaves Mutant | -9/Recycling Mutant | -9/Scraptown Sprinter | -6/Factory Hacker-Scout | -6/Waste Hacker-Scout | -6/Factory Resources | -11 -10 -10 -9 -9 -6 -6 -6 ----------- Run | Yrd Mat Sub Rec Scr Fac Was Fac Matter Collected 1238 | 247 201 144 121 . 525 . . Remotely . | . . . . . . . . Salvage Created 931 | 77 346 95 . . 382 . 31 Parts 70 | 12 18 10 . . 29 . 1 Haulers Intercepted . | . . . . . . . . Recyclers Shooed 1 | 1 . . . . . . . Parts Field Recycled . | . . . . . . . . Retrieved Matter . | . . . . . . . . Parts Self-Destructed 13 | . . 13 . . . . . Prevented . | . . . . . . . . Parts Restored . | . . . . . . . . Kills | -11 -10 -10 -9 -9 -6 -6 -6 ------- Run | Yrd Mat Sub Rec Scr Fac Was Fac Combat Hostiles Destroyed 23 | . 8 7 . . 6 . 2 Melee 3 | . . . . . 3 . . Guns 10 | . 8 2 . . . . . AOE 10 | . . 5 . . 3 . 2 Classes Destroyed 9 | 1 4 1 . . 2 . 1 Worker 1 | . . . . . 1 . . Tunneler 6 | 4 1 . . . 1 . . Recycler 1 | . . . . . 1 . . Mechanic 1 | . . . . . . . 1 Operator 4 | . 2 . . . 2 . . Watcher 5 | . 1 . . . 4 . . Swarmer 15 | . 3 4 . . 6 . 2 Grunt 7 | . 5 2 . . . . . Subdweller 1 | . . 1 . . . . . Best Kill Streak 4 | 4 3 4 . . 4 . 3 Combat Bots Only 4 | . 3 4 . . 4 . 2 Max Kills in Single Turn 3 | 1 1 3 . . 2 . 3 Gunslinging . | . . . . . . . . Exploded 3 | . . 3 . . 2 . 2 Melee 1 | . . . . . 1 . . Uniques/NPCs Destroyed . | . . . . . . . . Combat | -11 -10 -10 -9 -9 -6 -6 -6 -------- Run | Yrd Mat Sub Rec Scr Fac Was Fac Hostile Shots Fired 337 | . 56 90 . . 122 . 69 Missed 140 | . 11 41 . . 59 . 29 Hits 197 | . 45 49 . . 63 . 40 Melee 1 | . . . . . 1 . . Projectile 196 | . 45 49 . . 62 . 40 AOE 3 | . . . . . 3 . . Critical Strikes 3 | . 1 . . . 1 . 1 Damage Taken 3460 | . 539 646 . . 1373 . 902 Core 1081 | . 65 161 . . 353 . 502 Absorbed by Shields . | . . . . . . . . Core Remaining (%) 54 | 100 . . . 9 . . . Volleys Fired 74 | 9 42 16 . . 5 . 2 Largest 2 | 2 2 2 . . 1 . 1 Hottest 80 | 60 70 80 . . 33 . 43 Shots Fired 136 | 18 83 28 . . 5 . 2 Gun 116 | 18 83 15 . . . . . Cannon . | . . . . . . . . Launcher 20 | . . 13 . . 5 . 2 Special . | . . . . . . . . Kinetic 56 | 9 42 5 . . . . . Thermal 60 | 9 41 10 . . . . . Explosive 20 | . . 13 . . 5 . 2 Electromagnetic . | . . . . . . . . Robot Hit Streak 11 | 4 11 4 . . 1 . . Robot Miss Streak 5 | 1 5 2 . . 2 . 3 Penetration Max . | . . . . . . . . Secondary Targets 1 | . 1 . . . . . . Max Gunslinging Chain 1 | . 1 . . . . . . Shots Hit Robots 104 | 12 58 18 . . 16 . . Core Hits 59 | 5 21 16 . . 13 . 4 Critical Kills . | . . . . . . . . Critical Parts Destroyed . | . . . . . . . . Critical Strikes 9 | . 4 1 . . 4 . . Burn 5 | . 4 1 . . . . . Sever 2 | . . . . . 2 . . Impale 2 | . . . . . 2 . . Melee Attacks 79 | . . . . . 79 . . Impact . | . . . . . . . . Slashing 52 | . . . . . 52 . . Piercing 27 | . . . . . 27 . . Sneak Attacks 7 | . . . . . 7 . . Combat Hostiles . | . . . . . . . . Follow-up Attacks . | . . . . . . . . Damage Inflicted 3399 | 141 743 674 . . 1357 . 484 Guns 998 | 141 743 114 . . . . . Cannons . | . . . . . . . . Explosions 1420 | . . 560 . . 376 . 484 Melee 981 | . . . . . 981 . . Ramming . | . . . . . . . . Kinetic 473 | 61 374 38 . . . . . Thermal 657 | 80 369 76 . . . . 132 Explosive 1288 | . . 560 . . 376 . 352 Electromagnetic . | . . . . . . . . Impact . | . . . . . . . . Slashing 578 | . . . . . 578 . . Piercing 403 | . . . . . 403 . . Highest Corruption 3 | . . . . . 3 . . Average Corruption 2 | . . . . . 2 . . Corruption Purged 3 | . . . . . 3 . . Corruption Blocked . | . . . . . . . . Effects 15 | . . . . . 15 . . Message Errors 4 | . . . . . 4 . . Heat Flow Errors 5 | . . . . . 5 . . Energy Discharges 2 | . . . . . 2 . . Data Loss (minor) 1 | . . . . . 1 . . Data Loss (major) 1 | . . . . . 1 . . Alerts 2 | . . . . . 2 . . Overload Shots . | . . . . . . . . Overflow Damage 253 | . . . . . 190 . 63 Projectiles . | . . . . . . . . Explosions 74 | . . . . . 11 . 63 Melee 179 | . . . . . 179 . . Knockbacks . | . . . . . . . . Impact . | . . . . . . . . Kinetic . | . . . . . . . . Secondary . | . . . . . . . . Self-Inflicted Damage 291 | . . 55 . . . . 236 Shots 6 | . . 3 . . . . 3 Rammed . | . . . . . . . . Targets Rammed . | . . . . . . . . Kicked . | . . . . . . . . Crushed . | . . . . . . . . Highest Temperature 224 | . 84 6 . . 224 . . Average Temperature 46 | . 27 6 . . 97 . . Received Heat Transfer 747 | . 261 315 . . 135 . 36 Siege Activations . | . . . . . . . . Martial Activations . | . . . . . . . . Shielding Activations . | . . . . . . . . Robots Disrupted . | . . . . . . . . Combat Hostiles . | . . . . . . . . Robots Corrupted . | . . . . . . . . Combat Hostiles . | . . . . . . . . Parts Fried . | . . . . . . . . Impact Corruptions . | . . . . . . . . Robots Melted . | . . . . . . . . Combat Hostiles . | . . . . . . . . Parts Melted 2 | . 1 1 . . . . . Heat Transferred 1809 | 175 1238 296 . . . . 100 Parts Sabotaged . | . . . . . . . . Parts Stolen . | . . . . . . . . Parts Stripped . | . . . . . . . . Power Chain Reactions . | . . . . . . . . Alert | -11 -10 -10 -9 -9 -6 -6 -6 ------- Run | Yrd Mat Sub Rec Scr Fac Was Fac Maximum Alert Level 1 | . . . . . 1 . . Low Security (%) 94 | 100 100 . 100 . 90 100 100 Level 1 5 | . . . . . 9 . . Level 2 . | . . . . . . . . Level 3 . | . . . . . . . . Level 4 . | . . . . . . . . Level 5 . | . . . . . . . . High Security . | . . . . . . . . Max Security . | . . . . . . . . Peak Influence 237 | 5 155 . 46 . 237 28 185 Initial 28 | . 3 . 8 . . 28 12 Average 66 | . 43 . 10 . 95 26 31 Influence Increases 1833 | 20 351 190 106 . 916 . 250 Destroy 0b10 Robot/C 440 | . 160 120 . . 120 . 40 Destroy 0b10 Robot/NC 85 | 20 20 . . . 40 . 5 Destroy Leader 80 | . 42 10 . . 18 . 10 Successful Hack 186 | . 67 . 16 . 103 . . Select Force Hacks 90 | . . . 90 . . . . Disable Machine 105 | . . . . . 30 . 75 Destroy Structure 112 | . 2 . . . 65 . 45 Partial Spotted 45 | . . . . . 45 . . Lose Combat Pursuer 690 | . 60 60 . . 495 . 75 Influence Decreases 1673 | 15 342 186 124 . 834 64 108 Entered New Map 79 | . 2 7 10 . . 54 6 Time Decay 1152 | 15 310 169 114 . 502 10 32 Lost Part 270 | . 30 10 . . 160 . 70 Lost Ally 5 | . . . . . 5 . . Purge Threat 167 | . . . . . 167 . . Squads Dispatched 20 | . 2 . . . 18 . . Investigation 8 | . . . . . 8 . . Extermination 6 | . . . . . 6 . . Reinforcement 6 | . 2 . . . 4 . . Assault . | . . . . . . . . Garrison . | . . . . . . . . Intercept . | . . . . . . . . Searches Triggered . | . . . . . . . . Construction Impeded 1 | . . . . . 1 . . Haulers Reinforced 1 | . . . . . 1 . . Active Scanning Responses . | . . . . . . . . Cargo Convoy Interrupts . | . . . . . . . . Stealth | -11 -10 -10 -9 -9 -6 -6 -6 --------- Run | Yrd Mat Sub Rec Scr Fac Was Fac Distress Signals 7 | . 3 . . . 1 . 3 Communications Jammed . | . . . . . . . . Distress Signals . | . . . . . . . . Times Spotted 109 | . 24 12 . . 52 4 17 Peak Tracking Total 11 | . 4 6 . . 7 4 11 Tactical Retreats 26 | . 3 2 . . 19 . 2 ECM-based Alert Blocks 2 | . . . . . 2 . . Traps | -11 -10 -10 -9 -9 -6 -6 -6 ------- Run | Yrd Mat Sub Rec Scr Fac Was Fac Traps Triggered 9 | . . 2 . . 6 . 1 Indirectly . | . . . . . . . . Trap Hack Attempts . | . . . . . . . . Triggered . | . . . . . . . . Disarmed . | . . . . . . . . Reprogrammed . | . . . . . . . . Reused . | . . . . . . . . Traps Extracted . | . . . . . . . . Installed . | . . . . . . . . Triggered . | . . . . . . . . Machines | -11 -10 -10 -9 -9 -6 -6 -6 ---------- Run | Yrd Mat Sub Rec Scr Fac Was Fac Machines Disabled 10 | . . 3 . . 2 . 5 Max in Single Turn 5 | . . 2 . . 1 . 5 Garrison Access 2 | . . . . . 2 . . Machines Repaired . | . . . . . . . . Machines Dismantled . | . . . . . . . . Machines Sabotaged . | . . . . . . . . Overloaded Fab Kills . | . . . . . . . . Hacking | -11 -10 -10 -9 -9 -6 -6 -6 --------- Run | Yrd Mat Sub Rec Scr Fac Was Fac Machines Accessed 48 | . 7 1 7 5 28 . . Terminals 26 | . 6 . 4 . 16 . . Fabricators 1 | . . . . . 1 . . Repair Stations . | . . . . . . . . Recycling Units 12 | . 1 . 3 . 8 . . Scanalyzers 1 | . . . . . 1 . . Garrison Access 2 | . . . . . 2 . . Total Hacks 135 | . 23 4 15 15 78 . . Successful 96 | . 14 4 13 15 50 . . Failed 39 | . 9 . 2 . 28 . . Catastrophic 4 | . . . . . 4 . . Database Lockouts . | . . . . . . . . Manual 91 | . 21 . 12 . 58 . . Terminals 90 | . 21 . 10 . 59 . . Fabricators 1 | . . . . . 1 . . Repair Stations . | . . . . . . . . Recycling Units 21 | . 2 . 5 . 14 . . Scanalyzers 2 | . . . . . 2 . . Garrison Access 2 | . . . . . 2 . . Terminal Hacks 42 | . 3 4 2 15 18 . . Record 18 | . . 4 . 14 . . . Part Schematic 1 | . 1 . . . . . . Robot Analysis 12 | . 2 . 1 . 9 . . Prototype ID Bank 1 | . . . 1 . . . . Terminal Index 1 | . . . . . 1 . . Alert Level 2 | . . . . . 2 . . Unreport Threat 2 | . . . . . 2 . . Locate Traps 1 | . . . . . 1 . . Recall Extermination 1 | . . . . . 1 . . Registered Components 1 | . . . . . 1 . . Registered Prototypes 1 | . . . . . 1 . . Proto ID Catalog 1 | . . . . 1 . . . Fabricator Hacks 1 | . . . . . 1 . . Network Status 1 | . . . . . 1 . . Repair Station Hacks . | . . . . . . . . Recycling Unit Hacks 7 | . 2 . 2 . 3 . . Report Inventory 6 | . 1 . 2 . 3 . . Retrieve Components 1 | . 1 . . . . . . Scanalyzer 2 | . . . . . 2 . . Retrieve Study 2 | . . . . . 2 . . Garrison Access Hacks 2 | . . . . . 2 . . Seal Access 2 | . . . . . 2 . . Unauthorized Hacks 42 | . 9 . 9 . 24 . . Terminals 31 | . 9 . 6 . 16 . . Assimilate 2 | . . . . . 2 . . Botnet 14 | . 4 . 3 . 7 . . Operators 1 | . . . . . 1 . . Skim 14 | . 5 . 3 . 6 . . Fabricators . | . . . . . . . . Repair Stations . | . . . . . . . . Recycling Units 11 | . . . 3 . 8 . . Tunnel 3 | . . . 3 . . . . Fedlink 8 | . . . . . 8 . . Scanalyzers . | . . . . . . . . Garrison Access . | . . . . . . . . Data Cores Recovered . | . . . . . . . . Used . | . . . . . . . . Hacking Detections 28 | . 6 . 4 . 18 . . Full Trace Events . | . . . . . . . . Feedback Events . | . . . . . . . . Feedback Blocked . | . . . . . . . . Robot Schematics Acquired . | . . . . . . . . Robots Built . | . . . . . . . . Authchips . | . . . . . . . . Time . | . . . . . . . . Total Robot Build Rating . | . . . . . . . . Part Schematics Acquired 1 | . 1 . . . . . . Parts Built . | . . . . . . . . Authchips . | . . . . . . . . Time . | . . . . . . . . Total Part Build Rating . | . . . . . . . . Part Studies Acquired 2 | . . . . . 2 . . Parts Repaired . | . . . . . . . . Time . | . . . . . . . . Parts Recycled . | . . . . . . . . Recycled Matter . | . . . . . . . . Retrieved Matter . | . . . . . . . . Retrieved Components 10 | . 10 . . . . . . Parts Scanalyzed . | . . . . . . . . Part Schematics Acquired . | . . . . . . . . Parts Damaged . | . . . . . . . . Bothacking | -11 -10 -10 -9 -9 -6 -6 -6 ------------ Run | Yrd Mat Sub Rec Scr Fac Was Fac Used RIF Installer . | . . . . . . . . Robots Hacked . | . . . . . . . . Non-combat . | . . . . . . . . Combat . | . . . . . . . . Robot Hacks Applied . | . . . . . . . . Relay Couplers Released . | . . . . . . . . Fabnet Peak Effective % . | . . . . . . . . Robots Rewired . | . . . . . . . . Allies Hacked . | . . . . . . . . Hacks Repelled . | . . . . . . . . Allies | -11 -10 -10 -9 -9 -6 -6 -6 -------- Run | Yrd Mat Sub Rec Scr Fac Was Fac Total Allies 2 | . . . . . 2 . . Largest Group 1 | . . . . . 1 . . Highest-Rated Group 26 | . . . . . 26 . . Highest-Rated Ally 26 | . . . . . 26 . . Initial UFD Resources 50 | . . . . . 24 50 50 Total Orders . | . . . . . . . . Ally Attacks . | . . . . . . . . Total Damage . | . . . . . . . . Kills . | . . . . . . . . Allies Corrupted . | . . . . . . . . Allies Melted . | . . . . . . . . Intel | -11 -10 -10 -9 -9 -6 -6 -6 ------- Run | Yrd Mat Sub Rec Scr Fac Was Fac Active Infowar (turns) 4412 | 5 1099 941 . . 2178 22 167 Optics 798 | . . . . . 609 22 167 Sensors 1364 | . . . . . 1192 22 150 Terrain 6 | . . . . . 6 . . Seismic 2806 | 5 1099 941 . . 761 . . Triangulation 1015 | . . . . . 1015 . . ECM 81 | . . . . . 81 . . Robot Analysis Total 12 | . 2 . 1 . 9 . . Derelict Logs Recovered 4 | . . 2 . 2 . . . Drone Launches . | . . . . . . . . Drone Recoveries . | . . . . . . . . Exploration | -11 -10 -10 -9 -9 -6 -6 -6 ------------- Run | Yrd Mat Sub Rec Scr Fac Was Fac Turns Passed 6714 | 118 1099 965 491 1556 2296 22 167 Spaces Moved 8335 | 51 633 762 654 1528 4359 64 284 Core 50 | 3 1 . . . 5 . 41 Treads 356 | 48 308 . . . . . . Legs 859 | . 324 535 . . . . . Wheels 1801 | . . 194 258 1229 120 . . Hover . | . . . . . . . . Flight 5269 | . . 33 396 299 4234 64 243 Fastest Speed 27 | 50 120 37 37 34 27 34 34 Average Speed 64 | 153 139 115 67 99 32 34 37 Slowest Speed 250 | 160 200 190 115 115 250 34 200 Overloaded Moves . | . . . . . . . . Propulsion Burnouts . | . . . . . . . . Robots Hopped 48 | . . 1 4 . 43 . . Potential Cave-ins . | . . . . . . . . Cave-ins Triggered 1 | . . . . . 1 . . Exploration Rate (%) 59 | 4 96 31 92 90 82 71 10 Regions Visited 7 Branch Regions 3 Pre-discovered Areas 11 | . 1 2 3 1 4 . . Known Exits Taken . | . . . . . . . . Unknown Exits Taken 5 | 1 1 1 1 1 . . . Scrap Searched 11 | . . 2 . 9 . . . Spaces Dug 57 | . . . . . 57 . . Terrain Destroyed 187 | . . 43 . . 77 . 67 Melee 57 | . . . . . 57 . . Projectile . | . . . . . . . . AOE 130 | . . 43 . . 20 . 67 Terrain Rammed . | . . . . . . . . Walls Destroyed . | . . . . . . . . Machines Disabled . | . . . . . . . . Actions | -11 -10 -10 -9 -9 -6 -6 -6 --------- Run | Yrd Mat Sub Rec Scr Fac Was Fac Total 9345 | 69 764 811 698 1576 5021 63 343 Wait 714 | . 77 13 41 1 529 . 53 Move 8235 | 50 632 759 645 1527 4275 63 284 Hop 46 | . . 1 4 . 41 . . Pick Up 53 | 3 7 6 5 18 14 . . Fast Attach 43 | 7 3 . . 7 25 . 1 Attach 22 | . . 7 . 1 12 . 2 Detach 4 | . . . . . 4 . . Swap 18 | . 1 6 2 1 8 . . Drop 57 | . 2 3 1 21 29 . 1 Fire 74 | 9 42 16 . . 5 . 2 Melee 79 | . . . . . 79 . . Ram . | . . . . . . . . Kick . | . . . . . . . . Crush . | . . . . . . . . Escape Stasis . | . . . . . . . . Rewire . | . . . . . . . . Trap . | . . . . . . . . Miscellaneous . | . . . . . . . . Route ------- -11/Scrapyard -10/Materials (discovered 6 exits: [*Mat x3] / [*Min x2] / *Sub) -10/Subcaves (discovered 2 exits: [*Mat] / *Rec) -9/Recycling (discovered 2 exits: [*Fac] / *Scr) -9/Scraptown (discovered 2 exits: *Fac x2) -6/Factory (discovered 3 exits: *Fac x2 / *Low) -6/Waste -6/Factory History --------- Turn | Location | Event 44 | -11/Scrapyard | Discovered new exit (range 16) 119 | -11/Scrapyard | Entered Materials 306 | -10/Materials | Build established: Mutant 333 | -10/Materials | Discovered new exit (range 14) 486 | -10/Materials | Discovered new exit (range 15) 812 | -10/Materials | Lost 3 parts (1p2n) 812 | -10/Materials | Discovered new exit (range 11) 969 | -10/Materials | Discovered new exit (range 14) 1157 | -10/Materials | Discovered new exit (range 5) 1185 | -10/Materials | Learned location of Storage (-9) 1208 | -10/Materials | Discovered new exit (range 9) 1218 | -10/Materials | Entered Subcaves 1219 | -10/Subcaves | Approached by a straggling Scientist 1455 | -10/Subcaves | Learned location of 1 exit from Materials 1469 | -10/Subcaves | Learned location of Zion (-7) 1469 | -10/Subcaves | Met a Zionite searching for "candidates" 1687 | -10/Subcaves | Visited Clippyterm 1691 | -10/Subcaves | Learned location of Section 7 (-3) 1691 | -10/Subcaves | Learned Factory emergency access door positions 1853 | -10/Subcaves | Discovered new exit (range 13) 1895 | -10/Subcaves | Disturbed a concealed Subdweller 1896 | -10/Subcaves | Core integrity fell below 50% 2133 | -10/Subcaves | Discovered new exit (range 15) 2147 | -10/Subcaves | Core integrity fell below 20% 2181 | -10/Subcaves | Lost 5 parts (1p1n3w) 2183 | -10/Subcaves | Entered Recycling 2206 | -9/Recycling | Scanned before Scraplab entrance 2361 | -9/Recycling | Discovered new exit (range 16) 2663 | -9/Recycling | Entered Scraplab 2672 | -9/Recycling | Discovered new exit (range 2) 2674 | -9/Recycling | Entered Scraptown 2852 | -9/Scraptown | Visited Symbiants 2886 | -9/Scraptown | Visited Cyclists 3104 | -9/Scraptown | Scanned Subdweller tech in exchange for log data 3108 | -9/Scraptown | Learned location of Testing (-2) 3109 | -9/Scraptown | Learned location of 1 exit from Research 3149 | -9/Scraptown | Visited CR-KLE's Repair Center 3165 | -9/Scraptown | Visited SPCMW 3199 | -9/Scraptown | Visited Bundlers 3261 | -9/Scraptown | Visited Junk Repository 3309 | -9/Scraptown | Visited Cave Peace 3348 | -9/Scraptown | Visited UFD Registry 3348 | -9/Scraptown | Registered with UFD as "Monoslasher" 3387 | -9/Scraptown | Entered Cyclist Reading Room 3450 | -9/Scraptown | Visited A0-MCA Data Center 3469 | -9/Scraptown | Visited LU-1G1's Boring Crew 3485 | -9/Scraptown | Visited Abandonware Association 3498 | -9/Scraptown | Learned abandonware demo "TRNCOAT.EXE" 3540 | -9/Scraptown | Delivered Scrap Shield to a Scientist 3627 | -9/Scraptown | Visited Science Guys 3675 | -9/Scraptown | Visited Observation Area 3714 | -9/Scraptown | Visited Scrapoid Pod Storage 3733 | -9/Scraptown | Visited Scrapoid Research Area 3753 | -9/Scraptown | Visited Chapter 10 3777 | -9/Scraptown | Visited Modified Component R&D 3882 | -9/Scraptown | Discovered new exit (range 13) 3889 | -9/Scraptown | Guru changed UFD alias to "Megagunner" 3959 | -9/Scraptown | Given a B+ rating by A0-MCA 3961 | -9/Scraptown | Found A0-MCA's Component Scanner 4128 | -9/Scraptown | Met Optimus 4128 | -9/Scraptown | Accepted into 0bPrime 4189 | -9/Scraptown | Discovered new exit (range 5) 4210 | -9/Scraptown | Found Scrap Suit 4230 | -9/Scraptown | Entered Factory 4230 | -6/Factory | Evolved 8 slots: Propulsion x2, Utility x6 4537 | -6/Factory | Build established: Scavenger-Mutant 4596 | -6/Factory | Loaded intel: 8 recycling unit locations 4754 | -6/Factory | Spotted B-75 Beast 4795 | -6/Factory | Lost 3 parts (1p1u1w) 4941 | -6/Factory | Learned 2 Lower Caves zone layouts 5019 | -6/Factory | Identified exit to Factory 5051 | -6/Factory | Learned Extension trap positions 5055 | -6/Factory | Crushed by falling debris 5074 | -6/Factory | Learned location of Proximity Caves (-6) 5095 | -6/Factory | Lost 3 parts (2n1u) 5106 | -6/Factory | Discovered exit to Factory (range 16) 5107 | -6/Factory | Learned Extension interactive machine intel 5146 | -6/Factory | Lost 3 parts (1p1n1u) 5374 | -6/Factory | Build established: Sprinter 5602 | -6/Factory | Discovered new exit (range 14) 5606 | -6/Factory | Identified exit to Lower Caves 5611 | -6/Factory | Learned location of Protoforge (-3) 6272 | -6/Factory | Build established: Hacker-Scout 6526 | -6/Factory | Sucked down chute 6526 | -6/Factory | Entered Waste 6535 | -6/Waste | Spotted C-40 Crusher 6536 | -6/Waste | Spotted C-40 Crusher 6537 | -6/Waste | Spotted C-40 Crusher 6539 | -6/Waste | Spotted C-40 Crusher 6539 | -6/Waste | Spotted C-40 Crusher 6540 | -6/Waste | Spotted C-40 Crusher 6541 | -6/Waste | Discovered new exit (range 22) 6548 | -6/Waste | Identified exit to Factory 6548 | -6/Waste | Entered Factory 6678 | -6/Factory | Core integrity fell below 50% 6700 | -6/Factory | Core integrity fell below 20% 6715 | -6/Factory | Destroyed by S-27 Virus with Autogun Last Messages --------------- 06697_ K-01 Serf collects debris. 06697_ U-05 Engineer lays Concrete. 06698_ ALERT: Security rotation in progress. 06698_ U-05 Engineer lays Concrete. 06699_ U-05 Engineer builds a Wall. 06699_ U-05 Engineer lays Concrete. 06700_ Adv. Sensor Array destroyed. 06700_ Dropped Med. Storage Unit. 06700_ U-05 Engineer lays Concrete. 06700_ K-01 Serf collects debris. 06701_ U-05 Engineer lays Concrete. 06702_ K-01 Serf collects debris. 06702_ U-05 Engineer lays Concrete. 06703_ K-01 Serf collects debris. 06703_ U-05 Engineer lays Concrete. 06703_ U-05 Engineer builds a Door. 06703_ U-05 Engineer lays Concrete. 06709_ S-27 Virus destroyed. 06712_ Gravity Neutralizer destroyed. 06714_ Acquired Autogun. Map ----- +----------------------------------------------------+ | # """ # # #???? ???????? | | # # # # #????????????? | | ####+#### # """ # #????????????? | | #??# #??# # """ + #??########### | | #??# #??# # """ # #### # # | | #??# #??# # # #"""""" """" | | #??# #??# # """ # " | | #??# #??# # """ " " | | #### #### # """ " " | | # " | | ######### #% | | #?????# + | | #?????# | | #?????### | | #####+##########????########### | | #???????# # | | ######### """ """ # # | | " " " " " # # """ """ + ! # | | " " " " " # # """ """ # ## ## | | " " " " " # " # # ######## | | " " " " " # " !!! # ! ?# #??????# | | " " " " " # " !! # ?# #??????# "" | | ! " " " " " # " !! ########??# ##T #### "" | | " " " " " # " ########### # "" | | " " " " " # " # =ss w # | | " " " " " # " + s s@ + | | # " # # !!! | | #####+###+### " # ####### k # !!! | | ????# #?????# # #?????###+######## # !!! | | ????# #?????# s #??????? ????????# | | ????# #?????# ### #???????"""????????# | | ????# #?????# #?# #???????"""????????####### | | ????# #?????# #?# #???????"""??????????????? | | ????# #?????# #?# #????????"???????????????? | | ##??# #?????#########?# #????????????????????????? | | ?????????? ????????????????????????? | | ##??###???????????????###????????????????????????? | | ?????????????????????????????????????????????????? | | ?????????????????????????????????????????????????? | | ?????????????????????????????????????????????????? | | ?????????????????????????????????????????????????? | | ?????????????????????????????????????????????????? | | ?????????????????????????????????????????????????? | | ?????????????????????????????H???????????????????? | | ?????????????????????????????????????????????????? | | ?????????????????????????????????????????????????? | | ?????????????????????????????????????????????????? | | ?????????????????????????????????????????????????? | | ?????????????????????????????????????????????????? | | ?????????????????????????????????????????????????? | +----------------------------------------------------+ Best States ------------- Heat Dissipation 51 Energy Generation 18 Energy Capacity 265 Matter Stores 300 Matter Capacity 300 Sight Range 22 Robot Scan Range 16 Terrain Scan Range 16 Terrain Scan Density 210 ECM Strength 2 Additional Mass Support 12 Armor Coverage 225 Evasion (%) 64 Target Analysis 6 Recoil Reduction 2 Offensive Hacking 22 Item Schematics ----------------- Hcp. Storage Unit | -10/Materials | Hacked Robot Schematics ------------------ None Fabricated ------------ Nothing Repaired ---------- Nothing Studied --------- VTOL Module | -6/Factory | Hacked Great Axe | -6/Factory | Hacked Alien Tech Used ----------------- None Achievements -------------- Hulk Smash Longdome?! Challenges ------------ None Game ------ Seed OpticalCannonTendrils Manual? 0 Play Time 02:13:30 Cumulative 375.8 hours Start 2026.08.01 @ 17:32:00 End 2026.08.01 @ 21:22:52 Sessions 3 Manual Loads 0 Difficulty Rogue Special Mode None Game No. 222 Rogue 148 Adventurer 74 Explorer 0 Win Type - Total 18 Types 15/0/0/3/0/0/0/0/0/0 Lore% 78 Gallery% 68 Achievement% 54 Wizard Run 0 Options --------- Layout 2 ASCII 0 Keyboard 0 Movement Mouse Keybinds 0 Fullscreen 1 Font 32/SmallcapsGlow Map View 50x44 Zoom Use 0% Tactical HUD 1 Map Filters NONE Filters NONE Steam 1 RUN: adf8cfb0-0ef5-4b0a-b454-bd933adfbc2c